 Seeded DCSS version 0.28.0-53-g5a82cb258f (webtiles) character file.

Game seed: 17053266146932054461 (custom seed)

244 Kranky the Basher (level 6, 0/44 HPs)
             Began as a Gnoll Wanderer on June 24, 2022.
             Killed by divine providence
             ... invoked by an orc priest
              (15 damage)
             ... on level 3 of the Dungeon.
             The game lasted 00:07:22 (4636 turns).

Kranky the Basher (Gnoll Wanderer)                  Turns: 4636, Time: 00:07:23

Health: 0/44       AC: 19    Str: 18    XL:     6   Next: 10%
Magic:  8/8        EV: 10    Int: 10    God:
Gold:   75         SH:  0    Dex:  8    Spells: 8/8 levels left

rFire   . . .      SeeInvis .   n - +2 mace (protect)
rCold   . . .      Faith    .   (no shield)
rNeg    + . .      Spirit   .   v - +4 scale mail {rN+}
rPois   .          Reflect  +   (no helmet)
rElec   .          Harm     .   p - +0 cloak
rCorr   .          Rampage  .   (no gloves)
Will    .....                   (no boots)
Stlth   ..........              i - amulet of reflection
HPRegen 0.14/turn               (no ring)
MPRegen 0.11/turn               (no ring)

@: confused, under a protective aura
A: fangs 1, strong nose, distributed training
a: no special abilities


You were on level 3 of the Dungeon.
You visited 1 branch of the dungeon, and saw 4 of its levels.

You collected 75 gold pieces.

Inventory:

Hand Weapons
 a - a +2 mace
 n - a +2 mace of protection (weapon)
Armour
 d - a +0 leather armour
 f - a +0 scale mail of cold resistance
 o - the +3 scale mail "Cyshriadi" {rElec rF- Int+3 Dex+6}
   (You found it on level 2 of the Dungeon)

   Int:       It affects your intelligence (+3).
   Dex:       It affects your dexterity (+6).
   rF:        It makes you vulnerable to fire.
   rElec:     It insulates you from electricity.
 p - a +0 cloak (worn)
 v - a +4 scale mail of positive energy (worn)
Jewellery
 i - an amulet of reflection (around neck)
 s - an amulet of faith
Wands
 c - a wand of polymorph (10) (quivered)
 k - a wand of charming (2)
 m - a wand of flame (14)
Scrolls
 e - 6 scrolls of identify {unknown}
 g - a scroll of summoning {unknown}
 l - a scroll of noise {unknown}
 q - a scroll of vulnerability {unknown}
 t - 3 scrolls of fear {unknown}
 u - a scroll of teleportation {unknown}
Potions
 b - a potion of attraction
 h - 4 potions of curing {unknown}
 j - a potion of heal wounds {unknown}
 r - a potion of lignification {unknown}


   Skills:
 + Level 1.8 Fighting
 + Level 1.8 Short Blades
 + Level 1.8 Long Blades
 + Level 1.8 Axes
 + Level 8.7 Maces & Flails
 + Level 1.8 Polearms
 + Level 1.8 Staves
 + Level 1.8 Slings
 + Level 1.8 Bows
 + Level 1.8 Crossbows
 + Level 1.8 Throwing
 + Level 4.9 Armour
 + Level 1.8 Dodging
 + Level 1.8 Stealth
 + Level 1.8 Shields
 + Level 4.9 Unarmed Combat
 + Level 1.8 Spellcasting
 + Level 1.4 Conjurations
 + Level 1.4 Hexes
 + Level 1.4 Summonings
 + Level 1.4 Necromancy
 + Level 1.4 Translocations
 + Level 1.4 Transmutations
 + Level 1.4 Fire Magic
 + Level 1.4 Ice Magic
 + Level 1.4 Air Magic
 + Level 1.4 Earth Magic
 + Level 1.4 Poison Magic
 + Level 2.0 Invocations
 + Level 4.9 Evocations


You had 8 spell levels left.
You didn't know any spells.
Your spell library was empty.

Dungeon Overview and Level Annotations

Branches:
Dungeon (4/15)
 Temple: D:4-7

Altars:
Fedhas
Hepliaklqana
Wu Jian


Innate Abilities, Weirdness & Mutations

You have very sharp teeth.
Your uncanny sense of smell can sniff out nearby items.
Your experience applies equally to all skills.


Message History

The orc wizard hits you but does no damage.
You block the orc's attack.
You closely miss the orc priest.
The orc priest hits you but does no damage.
The orc wizard hits you but does no damage.
The orc hits you but does no damage.
You hit the orc priest but do no damage.
The orc priest completely misses you. The orc wizard casts a spell at you.
The magic dart hits you. The orc closely misses you.
You closely miss the orc priest.
The orc priest hits you with a +2 mace of holy wrath.
The orc wizard casts a spell at you.
You are confused.
The orc hits you but does no damage.
You sock the orc priest!
The orc priest is almost dead.
The orc priest closely misses you.
The orc wizard gestures at you while chanting.
The magic dart hits you. The orc misses you.
The orc wizard gestures at you while chanting.
You are more confused.
Things that are here:
a +0 dagger; a +0 club You sock the orc!
You kill the orc!
The orc priest hits you but does no damage.
The orc priest looks braver for a moment.
The orc priest completely misses you. The orc wizard completely misses you.
You miss the orc priest. Your punch misses the orc priest.
The orc priest is almost dead.
The orc priest hits you with a +2 mace of holy wrath.
The orc wizard misses you.
The orc priest hits you but does no damage.
You hit the orc priest.
Your weapon exudes an aura of protection.
The orc priest is almost dead.
The orc priest calls down the wrath of Beogh upon you.
Beogh smites you!
You die...

.............).....##### #.#
..........)###.......##########.#
.).......#.#.....................
.........#..............#######.#
#....+####......................#
#....+####...........P..#######.#
####.......#.......P..P..## ###
...#.......#........P♣♣♣PP#
♣.♣'........#<..@....♣ ♣P.##
...#........#)).oo.P♣♣ ♣...# ♣#♣#
♣.♣#...............♣♣ ♣P..# #...
...##.#####...))..P♣ ♣♣♣P.##♣.♣.
♣.♣..........>.....♣♣♣♣.PP.#.....
#.#.....###...#....♣.♣♣P.....♣.♣.
♣.♣...................PPP..###...
......................P.#..# ♣#♣.
♣.♣........#............#..# #.


You could see an orc priest and an orc wizard.

Vanquished Creatures
  A hound (D:3)
  Crazy Yiuf (D:2)
  Ijyb (D:3)
  2 iguanas
  An adder (D:3)
  An adder skeleton (D:4)
  2 worms
  3 dart slugs
  9 orcs (D:3)
  8 ball pythons
  5 endoplasms
  6 giant cockroaches
  7 hobgoblins
  3 jackals (D:1)
  A quokka (D:1)
  A bat (D:1)
  3 frilled lizards
  6 goblins
  6 kobolds
  9 rats
76 creatures vanquished.

Vanquished Creatures (collateral kills)
  A kobold (D:3)
1 creature vanquished.

Vanquished Creatures (others)
  2 plants (D:3)
2 creatures vanquished.

Grand Total: 79 creatures vanquished

Notes
Turn   | Place    | Note
-------+----------+-------------------------------------------
     0 | D:1      | Kranky the Gnoll Wanderer began the quest for the Orb.
     0 | D:1      | Kranky set off with the following items: a +2 mace, a
                  | potion of attraction, a wand of polymorph (4), a +0 leather
                  | armour
     0 | D:1      | Reached XP level 1. HP: 13/13 MP: 1/1
   256 | D:1      | Reached XP level 2. HP: 19/19 MP: 2/2
   429 | D:1      | Found a faded altar of an unknown god.
   532 | D:1      | Reached XP level 3. HP: 25/25 MP: 3/3
   700 | D:1      | Reached skill level 1 in Invocations
  1010 | D:2      | Noticed Terence
  1027 | D:2      | Noticed Terence
  1027 | D:2      | Terence changed into Terence the frilled lizard
  1031 | D:2      | Killed Terence the frilled lizard
  1690 | D:2      | Found a runed translucent door.
  1691 | D:2      | Noticed Crazy Yiuf
  1839 | D:2      | Killed Crazy Yiuf
  1840 | D:2      | Reached skill level 1 in Fighting
  1840 | D:2      | Reached skill level 1 in Short Blades
  1840 | D:2      | Reached skill level 1 in Long Blades
  1840 | D:2      | Reached skill level 1 in Axes
  1840 | D:2      | Reached skill level 1 in Polearms
  1840 | D:2      | Reached skill level 1 in Staves
  1840 | D:2      | Reached skill level 1 in Slings
  1840 | D:2      | Reached skill level 1 in Bows
  1840 | D:2      | Reached skill level 1 in Crossbows
  1840 | D:2      | Reached skill level 1 in Throwing
  1840 | D:2      | Reached skill level 1 in Dodging
  1840 | D:2      | Reached skill level 1 in Stealth
  1840 | D:2      | Reached skill level 1 in Shields
  1840 | D:2      | Reached skill level 1 in Spellcasting
  1840 | D:2      | Reached XP level 4. HP: 9/32 MP: 0/5
  1873 | D:2      | Identified the +3 scale mail "Cyshriadi" {rElec rF- Int+3
                  | Dex+6}
  2145 | D:3      | Found an ornate altar of the Wu Jian Council.
  2301 | D:3      | Reached skill level 1 in Conjurations
  2301 | D:3      | Reached skill level 1 in Hexes
  2301 | D:3      | Reached skill level 1 in Summonings
  2301 | D:3      | Reached skill level 1 in Necromancy
  2301 | D:3      | Reached skill level 1 in Translocations
  2301 | D:3      | Reached skill level 1 in Transmutations
  2301 | D:3      | Reached skill level 1 in Fire Magic
  2301 | D:3      | Reached skill level 1 in Ice Magic
  2301 | D:3      | Reached skill level 1 in Air Magic
  2301 | D:3      | Reached skill level 1 in Earth Magic
  2301 | D:3      | Reached skill level 1 in Poison Magic
  2568 | D:3      | Found a blossoming altar of Fedhas.
  2680 | D:3      | Found a hazy altar of Hepliaklqana.
  3274 | D:3      | Reached XP level 5. HP: 37/37 MP: 6/6
  4203 | D:4      | Noticed Ijyb
  4274 | D:3      | Killed Ijyb
  4275 | D:3      | Reached XP level 6. HP: 10/44 MP: 8/8
  4636 | D:3      | Killed from afar by an orc priest

Illustrated notes

Levels and vault maps discovered:
D:1:      doesnt_arrival_eight_statues, layout_rooms,
          ebering_ecumenical_altar_mist
D:2:      layout_basic, minmay_misc_feat_five, minmay_misc_feat_ornament,
          minmay_misc_feat_doors, uniq_crazy_yiuf_cottage, uniq_terence
D:3:      minmay_chambers_of_twos, layout_basic, general_overflow_altar,
          lemuel_round_altar, mainiacjoe_overflow_paths, serial_forest,
          infiniplex_forest_lined_room_2, infiniplex_forest_straight_4,
          infiniplex_forest_clump_tiny, infiniplex_forest_clump_large,
          infiniplex_forest_lined_corner, infiniplex_forest_lined_3,
          infiniplex_forest_side_room, infiniplex_forest_zigzag_1,
          minmay_misc_feat_rows
D:4:      layout_cave_pools, serial_shops, shop, dk_noncrumbling_2, uniq_ijyb

Skill      XL: |  1  2  3  4  5 |
---------------+----------------+-----
Invocations    | 1 2 |  2.0
Fighting       | 1 |  1.8
Short Blades   | 1 |  1.8
Long Blades    | 1 |  1.8
Axes           | 1 |  1.8
Polearms       | 1 |  1.8
Staves         | 1 |  1.8
Slings         | 1 |  1.8
Bows           | 1 |  1.8
Crossbows      | 1 |  1.8
Throwing       | 1 |  1.8
Dodging        | 1 |  1.8
Stealth        | 1 |  1.8
Shields        | 1 |  1.8
Spellcasting   | 1 |  1.8
Conjurations   | 1 |  1.4
Hexes          | 1 |  1.4
Summonings     | 1 |  1.4
Necromancy     | 1 |  1.4
Translocations | 1 |  1.4
Transmutations | 1 |  1.4
Fire Magic     | 1 |  1.4
Ice Magic      | 1 |  1.4
Air Magic      | 1 |  1.4
Earth Magic    | 1 |  1.4
Poison Magic   | 1 |  1.4
Maces & Flails | |  8.7
Armour         | |  4.9
Unarmed Combat | |  4.9
Evocations     | |  4.9

Action                   |  1- 3 |  4- 6 || total
-------------------------+-------+-------++-------
Melee: Mace              |    78 |   168 ||   246
       Punch             |     1 |     2 ||     3
       Bite              |     4 |    16 ||    20
       Unarmed           |     5 |       ||     5
Evoke: Wand              |     2 |     5 ||     7
Armor: Leather armour    |     8 |       ||     8
       Scale mail        |    18 |    91 ||   109
Dodge: Dodged            |    33 |    80 ||   113
Block: Other             |     2 |    40 ||    42
